Punishers vs Demolitions
(R2)
Created - January 21, 2020 at 19:14
Goals
|
| Punishers |
2 |
3 |
2 |
7 |
| Demolitions |
5 |
1 |
2 |
8 |
|
Shots
|
| Punishers |
11 |
13 |
12 |
36 |
| Demolitions |
15 |
8 |
7 |
30 |
|
1st period
1. Demolitions , Phil McRae 8 (Kerby Rychel 1, Dennis Everberg 20) at 4:09
2. Punishers , Robbie Earl 14 (Zack Hamill 27) at 4:55 (PP)
3. Demolitions , J.T. Brown 16 (Dennis Everberg 21) at 8:00
4. Punishers , Robbie Earl 15 (Adam Pelech 12, Miikka Salomaki 19) at 9:00 (PP)
5. Demolitions , Robert Bortuzzo 2 (Daultan Leveillé 28, Spencer Machacek 32) at 9:28
6. Demolitions , Phil McRae 9 (Dennis Everberg 22) at 13:02
7. Demolitions , Taylor Beck 19 (Spencer Machacek 33, Daultan Leveillé 29) at 16:58 (PP)
Penalties :
Nikita Tryamkin (Vic) for Roughing (Minor) at 0:22, Taylor Beck (Vic) for Holding (Minor) at 4:50, J.T. Brown (Vic) for Goalie Interference (Minor) at 5:50, Ryan Pulock (Vic) for Tripping (Minor) at 8:55, Dylan DeMelo (Pro) for Hooking (Minor) at 16:46, Zack Hamill (Pro) for Hooking (Minor) at 17:01
2nd period
8. Punishers , Radek Faksa 11 (Slava Voynov 29, Tyler Bertuzzi 11) at 4:10
9. Punishers , Michael Joly 2 (Radek Faksa 12, John Quenneville 18) at 16:05
10. Punishers , Carter Ashton 11 (Garret Ross 14, Andreas Athanasiou 15) at 18:33
11. Demolitions , Daultan Leveillé 12 (Taylor Beck 16, Spencer Machacek 34) at 19:37
Penalties :
Zack Hamill (Pro) for Hooking (Minor) at 0:22, Robbie Earl (Pro) for Roughing (Minor) at 1:16, Dylan DeMelo (Pro) for Hooking (Minor) at 7:37
3rd period
12. Demolitions , Jonathan Blum 8 (Dennis Everberg 23, Andrej Nestrasil 13) at 0:52
13. Punishers , Garret Ross 15 (Carter Ashton 18) at 7:24
14. Punishers , Robbie Earl 16 (Zack Hamill 28) at 13:13
15. Demolitions , Kerby Rychel 2 (Robert Bortuzzo 10, Dennis Everberg 24) at 18:07
Penalties :
Jonathan Blum (Vic) for Hooking (Minor) at 13:18, Kerby Rychel (Vic) for Hooking (Minor) at 15:52, Daultan Leveillé (Vic) for Interference (Minor) at 18:43
Goalie Stats
Louis Domingue (Pro), 17 saves from 21 shots - (0.810), L, 15-13-2, 45:44 minutes
Daniel Altshuller (Pro), 5 saves from 9 shots - (0.556), 13:02 minutes
Alex Stalock (Vic), 29 saves from 36 shots - (0.806), W, 4-2-1, 60:00 minutes
Players Stats for Punishers
Player Name G A P +/- PIM S H SB GA TA FO MP PP MP PK MP
------------------------------------------------------------------------------------
Adam Pelech 0 1 1 2 0 4 4 2 1 1 0/0 28:42 5:35 4:11
Alex Schoenborn 0 0 0 0 0 0 0 0 0 0 0/0 0:29 0:09 0:00
Andreas Athanasiou 0 1 1 3 0 0 3 0 0 0 8/15 16:50 3:45 1:22
Austen Brassard 0 0 0 -2 0 1 1 0 0 0 0/0 10:23 0:00 0:00
Carter Ashton 1 1 2 2 0 3 2 0 1 0 0/0 14:04 3:45 0:00
Daniel Audette 0 0 0 0 0 0 1 0 0 0 1/4 2:29 0:00 2:28
Dylan DeMelo 0 0 0 -2 4 0 1 1 0 0 0/0 11:01 0:00 0:00
Garret Ross 1 1 2 2 0 2 0 0 0 0 0/0 14:17 3:45 0:13
John Macfarland 0 0 0 0 0 0 0 0 0 0 0/0 3:04 0:12 1:27
John Quenneville 0 1 1 0 0 0 0 0 0 1 0/0 7:05 0:00 0:00
Jordan Schmaltz 0 0 0 -2 0 1 2 1 0 1 0/0 23:02 3:47 2:52
Madison Bowey 0 0 0 -3 0 0 1 2 0 1 0/0 21:35 3:47 2:52
Michael Joly 1 0 1 0 0 1 1 0 0 0 0/0 8:10 0:09 0:00
Miikka Salomaki 0 1 1 -2 0 4 2 0 1 3 1/1 21:48 5:25 1:01
Nikita Gusev 0 0 0 0 0 1 1 0 1 0 0/0 7:05 0:00 0:00
Radek Faksa 1 1 2 -1 0 2 0 0 0 0 4/7 13:30 0:00 1:32
Robbie Earl 3 0 3 -2 2 6 5 0 0 1 0/0 23:23 5:28 2:58
Slava Voynov 0 1 1 -1 0 3 0 1 1 1 0/0 32:00 5:35 4:11
Tyler Bertuzzi 0 1 1 -2 0 5 1 0 1 0 0/0 10:23 0:00 0:00
Zack Hamill 0 2 2 -2 4 3 0 1 2 1 16/40 22:27 5:28 1:59
Players Stats for Demolitions
Player Name G A P +/- PIM S H SB GA TA FO MP PP MP PK MP
------------------------------------------------------------------------------------
Alex Hutchings 0 0 0 0 0 0 0 0 0 0 0/0 1:39 0:00 1:19
Andrej Nestrasil 0 1 1 0 0 0 0 0 0 0 5/12 13:37 3:12 0:00
Christoph Bertschy 0 0 0 -1 0 0 0 0 0 1 0/1 7:28 0:00 0:44
Daultan Leveillé 1 2 3 1 2 4 1 0 1 1 19/34 23:06 3:51 4:56
Dennis Everberg 0 5 5 2 0 3 1 3 0 0 0/0 14:20 0:00 2:34
J.T. Brown 1 0 1 1 2 3 1 0 1 1 0/1 16:16 3:12 1:48
Jonathan Blum 1 0 1 1 2 4 0 3 4 0 0/0 27:22 4:25 4:52
Joshua Leivo 0 0 0 0 0 0 1 0 0 1 0/1 13:37 3:12 0:00
Kerby Rychel 1 1 2 1 2 1 2 0 0 0 0/0 10:53 0:00 0:00
Max Friberg 0 0 0 -1 0 0 1 0 0 0 0/0 6:44 0:00 0:00
Michael Prapavessis 0 0 0 -1 0 0 0 1 0 0 0/0 14:09 0:00 2:24
Mitch Callahan 0 0 0 0 0 0 1 0 0 0 0/0 0:15 0:00 0:00
Nikita Tryamkin 0 0 0 1 2 0 2 0 0 1 0/0 26:43 4:25 4:44
Phil Di Giuseppe 0 0 0 -1 0 0 1 0 0 0 0/0 6:44 0:00 0:00
Phil McRae 2 0 2 1 0 4 2 0 0 0 5/7 10:54 0:00 0:00
Robert Bortuzzo 1 1 2 2 0 2 0 1 1 0 0/0 19:45 2:38 3:18
Ryan Pulock 0 0 0 2 2 0 2 0 0 1 0/0 19:35 2:38 3:14
Spencer Machacek 0 3 3 1 0 3 2 0 2 1 7/9 23:52 3:51 5:41
Taylor Beck 1 1 2 1 2 6 2 1 1 0 1/2 18:10 3:51 0:00
Tommy Vannelli 0 0 0 -1 0 0 1 1 0 1 0/0 13:09 0:00 0:12
Tyler Graovac 0 0 0 1 0 0 0 0 0 0 0/0 2:13 0:00 1:42
3 Stars
1 - Dennis Everberg (Vic)
2 - Robbie Earl (Pro)
3 - Phil McRae (Vic)
Power Play
Punishers - 2 on 7 Attempt(s) - 28.57%
Demolitions - 1 on 5 Attempt(s) - 20.00%
Penalty Kill
Punishers - 4 on 5 Attempt(s) - 80.00%
- Score 0 goal in Penalty Kill
Demolitions - 5 on 7 Attempt(s) - 71.43%
- Score 0 goal in Penalty Kill
Team Stat
Punishers - Hits : 25 - Faceoff Wins : 30 - Blocked Shots : 8 - Penalty Minutes : 10
Demolitions - Hits : 20 - Faceoff Wins : 37 - Blocked Shots : 10 - Penalty Minutes : 14
Official
Referees : Unknown
Linesman : Unknown
Game Notes
Louis Domingue enters game at 13:02 of 1st period
Robbie Earl has scored a Hat Trick!
Finance
Level 1 -- Attendance: 2000 (100.00%) -- Ticket Income $26,000
Level 2 -- Attendance: 985 (98.50%) -- Ticket Income $1,970
Total Attendance: 2985 (99.50%)
Total Ticket Income: $27,970
Other Income: $1,398
Total Income: $29,368
Punishers
5 vs 5 Forward
Center Left Wing Right Wing Time % Phy DF OF
1 Zack Hamill Robbie Earl Miikka Salomaki 40 1 2 2
2 Andreas Athanasiou Garret Ross Carter Ashton 30 1 2 2
3 Radek Faksa Tyler Bertuzzi Austen Brassard 20 1 2 2
4 John Quenneville Nikita Gusev Michael Joly 10 1 2 2
5 vs 5 Defense
Defense Defense Time % Phy DF OF
1 Slava Voynov Adam Pelech 40 1 2 2
2 Jordan Schmaltz Madison Bowey 30 1 2 2
3 Dylan DeMelo Slava Voynov 20 1 2 2
4 Adam Pelech Jordan Schmaltz 10 1 2 2
PowerPlay Forward
Center Left Wing Right Wing Time % Phy DF OF
1 Zack Hamill Robbie Earl Miikka Salomaki 60 1 2 2
2 Andreas Athanasiou Garret Ross Carter Ashton 40 1 2 2
PowerPlay Defense
Defense Defense Time % Phy DF OF
1 Slava Voynov Adam Pelech 60 1 2 2
2 Jordan Schmaltz Madison Bowey 40 1 2 2
Penalty Kill 4 Players Forward
Center Wing Time % Phy DF OF
1 Zack Hamill Robbie Earl 60 1 2 2
2 Miikka Salomaki Andreas Athanasiou 40 1 2 2
Penalty Kill 4 Players Defense
Defense Defense Time % Phy DF OF
1 Slava Voynov Adam Pelech 60 1 2 2
2 Jordan Schmaltz Madison Bowey 40 1 2 2
Penalty Kill - 3 Players Forward
Forward Time % Phy DF OF
1 Zack Hamill 60 1 2 2
2 Robbie Earl 40 1 2 2
Penalty Kill - 3 Players Defense
Defense Defense Time % Phy DF OF
1 Slava Voynov Adam Pelech 60 1 2 2
2 Jordan Schmaltz Madison Bowey 40 1 2 2
4 vs 4 Forward
Center Wing Time % Phy DF OF
1 Zack Hamill Robbie Earl 60 1 2 2
2 Miikka Salomaki Andreas Athanasiou 40 1 2 2
4 vs 4 Defense
Defense Defense Time % Phy DF OF
1 Slava Voynov Adam Pelech 60 1 2 2
2 Jordan Schmaltz Madison Bowey 40 1 2 2
Last Minutes Offensive
Center Left Wing Right Wing Defense Defense
Zack Hamill Robbie Earl Miikka Salomaki Slava Voynov Adam Pelech
Last Minutes Defensive
Center Left Wing Right Wing Defense Defense
Zack Hamill Robbie Earl Miikka Salomaki Slava Voynov Adam Pelech
Goaltenders
Starting : Daniel Altshuller
Backup : Louis Domingue
Extra Forwards
Normal : John Macfarland, Alex Schoenborn, Daniel Audette - PP : John Macfarland, Alex Schoenborn - PK : Daniel Audette
Extra Defensemen
Normal : Dylan DeMelo, Madison Bowey, Slava Voynov - PP : Dylan DeMelo - PK : Madison Bowey, Slava Voynov
Penalty Shots
Zack Hamill, Robbie Earl, Miikka Salomaki, Andreas Athanasiou, Radek Faksa
Scratches
Ben Betker (Back Injury)
Demolitions
5 vs 5 Forward
Center Left Wing Right Wing Time % Phy DF OF
1 Daultan Leveillé Taylor Beck Spencer Machacek 40 1 2 2
2 Andrej Nestrasil Joshua Leivo J.T. Brown 30 1 2 2
3 Phil McRae Kerby Rychel Dennis Everberg 20 1 2 2
4 Christoph Bertschy Phil Di Giuseppe Max Friberg 10 1 2 2
5 vs 5 Defense
Defense Defense Time % Phy DF OF
1 Jonathan Blum Nikita Tryamkin 40 1 2 2
2 Robert Bortuzzo Ryan Pulock 30 1 2 2
3 Tommy Vannelli Michael Prapavessis 20 1 2 2
4 Jonathan Blum Nikita Tryamkin 10 1 2 2
PowerPlay Forward
Center Left Wing Right Wing Time % Phy DF OF
1 Daultan Leveillé Taylor Beck Spencer Machacek 60 1 2 2
2 Andrej Nestrasil Joshua Leivo J.T. Brown 40 1 2 2
PowerPlay Defense
Defense Defense Time % Phy DF OF
1 Jonathan Blum Nikita Tryamkin 60 1 2 2
2 Robert Bortuzzo Ryan Pulock 40 1 2 2
Penalty Kill 4 Players Forward
Center Wing Time % Phy DF OF
1 Spencer Machacek Daultan Leveillé 60 1 2 2
2 J.T. Brown Dennis Everberg 40 1 2 2
Penalty Kill 4 Players Defense
Defense Defense Time % Phy DF OF
1 Jonathan Blum Nikita Tryamkin 60 1 2 2
2 Robert Bortuzzo Ryan Pulock 40 1 2 2
Penalty Kill - 3 Players Forward
Forward Time % Phy DF OF
1 Spencer Machacek 60 1 2 2
2 Daultan Leveillé 40 1 2 2
Penalty Kill - 3 Players Defense
Defense Defense Time % Phy DF OF
1 Jonathan Blum Nikita Tryamkin 60 1 2 2
2 Robert Bortuzzo Ryan Pulock 40 1 2 2
4 vs 4 Forward
Center Wing Time % Phy DF OF
1 Spencer Machacek Daultan Leveillé 60 1 2 2
2 J.T. Brown Dennis Everberg 40 1 2 2
4 vs 4 Defense
Defense Defense Time % Phy DF OF
1 Jonathan Blum Nikita Tryamkin 60 1 2 2
2 Robert Bortuzzo Ryan Pulock 40 1 2 2
Last Minutes Offensive
Center Left Wing Right Wing Defense Defense
Daultan Leveillé Taylor Beck Spencer Machacek Jonathan Blum Nikita Tryamkin
Last Minutes Defensive
Center Left Wing Right Wing Defense Defense
Daultan Leveillé Taylor Beck Spencer Machacek Jonathan Blum Nikita Tryamkin
Goaltenders
Starting : Alex Stalock
Backup : Brandon Halverson
Extra Forwards
Normal : Alex Hutchings, Mitch Callahan, Tyler Graovac - PP : Alex Hutchings, Mitch Callahan - PK : Tyler Graovac
Extra Defensemen
Normal : Tommy Vannelli, Michael Prapavessis, Robert Bortuzzo - PP : Tommy Vannelli - PK : Michael Prapavessis, Robert Bortuzzo
Penalty Shots
Spencer Machacek, Daultan Leveillé, J.T. Brown, Dennis Everberg, Taylor Beck
Scratches
Lane MacDermid (Healthy), Thomas DiPauli (Healthy), Taylor Aronson (Broken Right Foot Toe Injury), Taylor Leier (Healthy), Colton Sceviour (Healthy)
Jake Muzzin (Sore Right Knee Injury), Aaron Palushaj (Healthy), Jared Staal (Healthy), Nick Pryor (Healthy), Jaedon Descheneau (Healthy)
Antti Raanta (Healthy), Jake Paterson (Healthy), Francois Tremblay (Healthy)
% Time on Ice - Punishers
Lines # - Real PCT - Wanted PCT - Time Play
Normal Forward
1 - 35% - 40% - 15:22
2 - 25% - 30% - 10:45
3 - 24% - 20% - 10:23
4 - 16% - 10% - 7:05
Normal Defense
1 - 37% - 40% - 16:00
2 - 38% - 30% - 16:23
3 - 18% - 20% - 8:03
4 - 7% - 10% - 3:09
PP Forward
1 - 60% - 60% - 5:37
2 - 40% - 40% - 3:45
PP Defense
1 - 60% - 60% - 5:35
2 - 40% - 40% - 3:47
PK Forward
1 - 83% - 60% - 4:57
2 - 17% - 40% - 1:01
PK Defense
1 - 63% - 60% - 3:46
2 - 37% - 40% - 2:12
PK3 Forward
1 - 100% - 60% - 1:05
2 - 0% - 40% - 0:00
PK3 Defense
1 - 60% - 60% - 0:39
2 - 40% - 40% - 0:26
44 Forward
1 - 0% - 60%
2 - 0% - 40%
44 Defense
1 - 0% - 60%
2 - 0% - 40%
Last Minute Offensive - 0:00
Last Minute Defensive - 0:00
Total
Forward - 60:00
Defense - 60:00
|
% Time on Ice - Demolitions
Lines # - Real PCT - Wanted PCT - Time Play
Normal Forward
1 - 34% - 40% - 14:40
2 - 26% - 30% - 11:17
3 - 25% - 20% - 10:54
4 - 15% - 10% - 6:44
Normal Defense
1 - 38% - 40% - 16:36
2 - 32% - 30% - 13:44
3 - 27% - 20% - 11:45
4 - 3% - 10% - 1:30
PP Forward
1 - 55% - 60% - 3:51
2 - 45% - 40% - 3:12
PP Defense
1 - 63% - 60% - 4:25
2 - 37% - 40% - 2:38
PK Forward
1 - 73% - 60% - 6:48
2 - 27% - 40% - 2:34
PK Defense
1 - 65% - 60% - 6:08
2 - 35% - 40% - 3:14
PK3 Forward
1 - 0% - 60%
2 - 0% - 40%
PK3 Defense
1 - 0% - 60%
2 - 0% - 40%
44 Forward
1 - 0% - 60%
2 - 0% - 40%
44 Defense
1 - 0% - 60%
2 - 0% - 40%
Last Minute Offensive - 0:00
Last Minute Defensive - 0:00
Total
Forward - 60:00
Defense - 60:00
|
Play-by-Play
1st period
0:01 of 1st period - Daultan Leveillé wins face-off versus Zack Hamill in neutral zone.
0:22 of 1st period - Minor Penalty to Nikita Tryamkin for Roughing.
0:23 of 1st period - Spencer Machacek wins face-off versus Zack Hamill in Demolitions zone.
0:23 of 1st period - Spencer Machacek is hit by Robbie Earl.
0:58 of 1st period - Snap shot by Miikka Salomaki.
0:58 of 1st period - Shot Blocked by Dennis Everberg.
1:00 of 1st period - Wrist shot by Robbie Earl.
1:00 of 1st period - Deflect By Zack Hamill.
1:00 of 1st period - Shot Misses the Net.
1:00 of 1st period - Puck is out of play.
1:01 of 1st period - Spencer Machacek wins face-off versus Andreas Athanasiou in Demolitions zone.
2:22 of 1st period - Penalty to Nikita Tryamkin is over, Nikita Tryamkin is back on ice.
2:57 of 1st period - J.T. Brown is hit by Nikita Gusev and loses puck.
3:08 of 1st period - Tommy Vannelli is hit by Austen Brassard and loses puck.
3:14 of 1st period - Off-side.
3:15 of 1st period - Daultan Leveillé wins face-off versus Andreas Athanasiou in neutral zone.
3:20 of 1st period - Snap shot by Daultan Leveillé.
3:20 of 1st period - Stopped by Daniel Altshuller without a rebound.
3:21 of 1st period - Andreas Athanasiou wins face-off versus Daultan Leveillé in Punishers zone.
3:21 of 1st period - Andreas Athanasiou is hit by Taylor Beck.
4:07 of 1st period - Snap shot by Kerby Rychel.
4:07 of 1st period - Shot Misses the Net.
4:09 of 1st period - Snap shot by Phil McRae.
4:09 of 1st period - Goal by Phil McRae - Punishers : 0 - Demolitions : 1.
4:10 of 1st period - Daultan Leveillé wins face-off versus Zack Hamill in neutral zone.
4:17 of 1st period - Wrist shot by Robbie Earl.
4:17 of 1st period - Shot Misses the Net.
4:37 of 1st period - Slapshot by Slava Voynov.
4:37 of 1st period - Shot Blocked by Taylor Beck.
4:39 of 1st period - Snap shot by Radek Faksa.
4:39 of 1st period - Shot Misses the Net.
4:41 of 1st period - Slapshot by Adam Pelech.
4:41 of 1st period - Shot Misses the Net.
4:50 of 1st period - Minor Penalty to Taylor Beck for Holding.
4:51 of 1st period - Zack Hamill wins face-off versus Daultan Leveillé in Demolitions zone.
4:55 of 1st period - Slapshot by Robbie Earl.
4:55 of 1st period - Goal by Robbie Earl - Punishers : 1 - Demolitions : 1.
4:56 of 1st period - Phil McRae wins face-off versus Zack Hamill in neutral zone.
5:28 of 1st period - Wrist shot by Carter Ashton.
5:28 of 1st period - Stopped by Alex Stalock without a rebound.
5:29 of 1st period - Andreas Athanasiou wins face-off versus Andrej Nestrasil in Demolitions zone.
5:38 of 1st period - Slapshot by Garret Ross.
5:38 of 1st period - Shot Misses the Net.
5:40 of 1st period - Slapshot by Madison Bowey.
5:40 of 1st period - Shot Blocked by Jonathan Blum.
5:42 of 1st period - Wrist shot by Carter Ashton.
5:42 of 1st period - Stopped by Alex Stalock with a rebound.
5:44 of 1st period - Snap shot by Andreas Athanasiou.
5:44 of 1st period - Shot Misses the Net.
5:50 of 1st period - Minor Penalty to J.T. Brown for Goalie Interference.
5:51 of 1st period - Spencer Machacek wins face-off versus Zack Hamill in Demolitions zone.
5:57 of 1st period - Wrist shot by Miikka Salomaki.
5:57 of 1st period - Shot Misses the Net.
5:59 of 1st period - Snap shot by Zack Hamill.
5:59 of 1st period - Shot Hit the Post.
6:01 of 1st period - Wrist shot by Robbie Earl.
6:01 of 1st period - Stopped by Alex Stalock with a rebound.
6:03 of 1st period - Snap shot by Robbie Earl.
6:03 of 1st period - Shot Misses the Net.
6:05 of 1st period - Wrist shot by Robbie Earl.
6:05 of 1st period - Deflect By Miikka Salomaki.
6:05 of 1st period - Stopped by Alex Stalock with a rebound.
6:07 of 1st period - Snap shot by Zack Hamill.
6:07 of 1st period - Stopped by Alex Stalock without a rebound.
6:08 of 1st period - Spencer Machacek wins face-off versus Andreas Athanasiou in Demolitions zone.
6:39 of 1st period - Snap shot by Zack Hamill.
6:39 of 1st period - Shot Misses the Net.
6:49 of 1st period - Snap shot by Miikka Salomaki.
6:49 of 1st period - Shot Misses the Net.
7:09 of 1st period - Ryan Pulock is hit by Adam Pelech and loses puck.
7:26 of 1st period - Carter Ashton is hit by Dennis Everberg.
7:30 of 1st period - Robert Bortuzzo is hit by Carter Ashton and loses puck.
7:41 of 1st period - Spencer Machacek is hit by Miikka Salomaki.
7:50 of 1st period - Penalty to J.T. Brown is over, J.T. Brown is back on ice.
8:00 of 1st period - Snap shot by J.T. Brown.
8:00 of 1st period - Goal by J.T. Brown - Punishers : 1 - Demolitions : 2.
8:01 of 1st period - Andrej Nestrasil wins face-off versus Andreas Athanasiou in neutral zone.
8:10 of 1st period - Snap shot by J.T. Brown.
8:10 of 1st period - Deflect By Joshua Leivo.
8:10 of 1st period - Shot Misses the Net.
8:10 of 1st period - Puck is out of play.
8:11 of 1st period - Andreas Athanasiou wins face-off versus Joshua Leivo in Punishers zone.
8:45 of 1st period - Snap shot by J.T. Brown.
8:45 of 1st period - Stopped by Daniel Altshuller without a rebound.
8:46 of 1st period - Zack Hamill wins face-off versus Daultan Leveillé in Punishers zone.
8:46 of 1st period - Zack Hamill is hit by Daultan Leveillé.
8:55 of 1st period - Minor Penalty to Ryan Pulock for Tripping.
8:56 of 1st period - Zack Hamill wins face-off versus Spencer Machacek in Demolitions zone.
8:56 of 1st period - Wrist shot by Miikka Salomaki.
8:56 of 1st period - Shot Blocked by Jonathan Blum.
8:58 of 1st period - Slapshot by Adam Pelech.
8:58 of 1st period - Shot Misses the Net.
9:00 of 1st period - Wrist shot by Robbie Earl.
9:00 of 1st period - Goal by Robbie Earl - Punishers : 2 - Demolitions : 2.
9:01 of 1st period - Daultan Leveillé wins face-off versus Zack Hamill in neutral zone.
9:13 of 1st period - Icing by Zack Hamill.
9:14 of 1st period - Zack Hamill wins face-off versus Daultan Leveillé in Punishers zone.
9:22 of 1st period - Off-side.
9:23 of 1st period - Daultan Leveillé wins face-off versus Zack Hamill in neutral zone.
9:26 of 1st period - Snap shot by Daultan Leveillé.
9:26 of 1st period - Shot Blocked by Madison Bowey.
9:28 of 1st period - Slapshot by Robert Bortuzzo.
9:28 of 1st period - Goal by Robert Bortuzzo - Punishers : 2 - Demolitions : 3.
9:29 of 1st period - Daultan Leveillé wins face-off versus Zack Hamill in neutral zone.
9:38 of 1st period - Snap shot by Taylor Beck.
9:38 of 1st period - Shot Blocked by Jordan Schmaltz.
9:59 of 1st period - Jordan Schmaltz is hit by Spencer Machacek and loses puck.
10:04 of 1st period - Snap shot by Spencer Machacek.
10:04 of 1st period - Shot Misses the Net.
10:06 of 1st period - Wrist shot by Daultan Leveillé.
10:06 of 1st period - Deflect By Spencer Machacek.
10:06 of 1st period - Shot Misses the Net.
10:06 of 1st period - Puck is out of play.
10:07 of 1st period - Zack Hamill wins face-off versus Phil McRae in Punishers zone.
10:22 of 1st period - Snap shot by Zack Hamill.
10:22 of 1st period - Shot Misses the Net.
10:34 of 1st period - Ryan Pulock is hit by Andreas Athanasiou.
11:20 of 1st period - Wrist shot by J.T. Brown.
11:20 of 1st period - Shot Hit the Post.
11:22 of 1st period - Snap shot by J.T. Brown.
11:22 of 1st period - Stopped by Daniel Altshuller with a rebound.
11:25 of 1st period - Icing by Jordan Schmaltz.
11:26 of 1st period - Radek Faksa wins face-off versus Daultan Leveillé in Punishers zone.
11:47 of 1st period - Slapshot by Tyler Bertuzzi.
11:47 of 1st period - Stopped by Alex Stalock with a rebound.
11:49 of 1st period - Wrist shot by Radek Faksa.
11:49 of 1st period - Shot Misses the Net.
11:51 of 1st period - Backhand shot by Tyler Bertuzzi.
11:51 of 1st period - Stopped by Alex Stalock without a rebound.
11:52 of 1st period - Phil McRae wins face-off versus Zack Hamill in Demolitions zone.
12:03 of 1st period - Snap shot by Phil McRae.
12:03 of 1st period - Shot Misses the Net.
12:19 of 1st period - Slapshot by Slava Voynov.
12:19 of 1st period - Stopped by Alex Stalock with a rebound.
12:25 of 1st period - Slava Voynov is hit by Phil McRae and loses puck.
12:36 of 1st period - Wrist shot by Dennis Everberg.
12:36 of 1st period - Shot Misses the Net.
12:44 of 1st period - Wrist shot by Phil McRae.
12:44 of 1st period - Stopped by Daniel Altshuller with a rebound.
12:56 of 1st period - Wrist shot by Dennis Everberg.
12:56 of 1st period - Shot Misses the Net.
12:58 of 1st period - Wrist shot by Dennis Everberg.
12:58 of 1st period - Shot Blocked by Dylan DeMelo.
13:00 of 1st period - Snap shot by Dennis Everberg.
13:00 of 1st period - Stopped by Daniel Altshuller with a rebound.
13:02 of 1st period - Snap shot by Phil McRae.
13:02 of 1st period - Goal by Phil McRae - Punishers : 2 - Demolitions : 4.
13:02 of 1st period - Louis Domingue enters game.
13:03 of 1st period - Zack Hamill wins face-off versus Taylor Beck in neutral zone.
13:06 of 1st period - Slapshot by Adam Pelech.
13:06 of 1st period - Stopped by Alex Stalock with a rebound.
13:25 of 1st period - Icing by Jordan Schmaltz.
13:26 of 1st period - Andreas Athanasiou wins face-off versus Andrej Nestrasil in Punishers zone.
13:26 of 1st period - Andreas Athanasiou is hit by Ryan Pulock.
14:11 of 1st period - Taylor Beck is hit by Michael Joly and loses puck.
15:04 of 1st period - Slava Voynov is hit by Tommy Vannelli and loses puck.
15:23 of 1st period - Slapshot by Jonathan Blum.
15:23 of 1st period - Shot Misses the Net.
15:33 of 1st period - Adam Pelech is hit by Nikita Tryamkin and loses puck.
15:44 of 1st period - Adam Pelech is hit by Kerby Rychel and loses puck.
16:06 of 1st period - Jordan Schmaltz is hit by Max Friberg and loses puck.
16:15 of 1st period - Max Friberg is hit by Jordan Schmaltz.
16:46 of 1st period - Minor Penalty to Dylan DeMelo for Hooking.
16:47 of 1st period - Daultan Leveillé wins face-off versus Zack Hamill in Punishers zone.
16:54 of 1st period - Snap shot by Spencer Machacek.
16:54 of 1st period - Stopped by Louis Domingue with a rebound.
16:56 of 1st period - Slapshot by Taylor Beck.
16:56 of 1st period - Stopped by Louis Domingue with a rebound.
16:58 of 1st period - Wrist shot by Taylor Beck.
16:58 of 1st period - Goal by Taylor Beck - Punishers : 2 - Demolitions : 5.
16:59 of 1st period - Zack Hamill wins face-off versus Daultan Leveillé in neutral zone.
17:01 of 1st period - Minor Penalty to Zack Hamill for Hooking.
17:02 of 1st period - Taylor Beck wins face-off versus Daniel Audette in Punishers zone.
17:02 of 1st period - Snap shot by Spencer Machacek.
17:02 of 1st period - Stopped by Louis Domingue with a rebound.
17:04 of 1st period - Slapshot by Jonathan Blum.
17:04 of 1st period - Stopped by Louis Domingue with a rebound.
17:06 of 1st period - Snap shot by Jonathan Blum.
17:06 of 1st period - Stopped by Louis Domingue without a rebound.
17:07 of 1st period - Daultan Leveillé wins face-off versus Daniel Audette in Punishers zone.
19:01 of 1st period - Penalty to Zack Hamill is over, Zack Hamill is back on ice.
19:31 of 1st period - Michael Prapavessis is hit by Andreas Athanasiou and loses puck.
Goals for this period are 2 for Punishers vs 5 for Demolitions.
Shots for this period are 11 for Punishers vs 15 for Demolitions.
2nd period
0:01 of 2nd period - Daultan Leveillé wins face-off versus Zack Hamill in neutral zone.
0:14 of 2nd period - Wrist shot by Taylor Beck.
0:14 of 2nd period - Stopped by Louis Domingue with a rebound.
0:16 of 2nd period - Snap shot by Daultan Leveillé.
0:16 of 2nd period - Stopped by Louis Domingue with a rebound.
0:22 of 2nd period - Minor Penalty to Zack Hamill for Hooking.
0:23 of 2nd period - Daniel Audette wins face-off versus Daultan Leveillé in Punishers zone.
1:16 of 2nd period - Minor Penalty to Robbie Earl for Roughing.
1:17 of 2nd period - Daultan Leveillé wins face-off versus Daniel Audette in Punishers zone.
1:42 of 2nd period - Jonathan Blum is hit by Adam Pelech.
1:43 of 2nd period - Icing by Jonathan Blum.
1:44 of 2nd period - Radek Faksa wins face-off versus Andrej Nestrasil in Demolitions zone.
2:09 of 2nd period - Taylor Beck is hit by Daniel Audette.
2:22 of 2nd period - Penalty to Zack Hamill is over, Zack Hamill is back on ice.
3:16 of 2nd period - Penalty to Robbie Earl is over, Robbie Earl is back on ice.
3:22 of 2nd period - Snap shot by Carter Ashton.
3:22 of 2nd period - Shot Misses the Net.
3:41 of 2nd period - Austen Brassard is hit by Ryan Pulock.
3:46 of 2nd period - Icing by Tyler Bertuzzi.
3:47 of 2nd period - Radek Faksa wins face-off versus Christoph Bertschy in Punishers zone.
4:00 of 2nd period - Snap shot by Tyler Bertuzzi.
4:00 of 2nd period - Stopped by Alex Stalock with a rebound.
4:02 of 2nd period - Snap shot by Tyler Bertuzzi.
4:02 of 2nd period - Shot Misses the Net.
4:04 of 2nd period - Snap shot by Tyler Bertuzzi.
4:04 of 2nd period - Shot Blocked by Tommy Vannelli.
4:06 of 2nd period - Snap shot by Tyler Bertuzzi.
4:06 of 2nd period - Shot Misses the Net.
4:08 of 2nd period - Slapshot by Slava Voynov.
4:08 of 2nd period - Deflect By Max Friberg.
4:08 of 2nd period - Stopped by Alex Stalock with a rebound.
4:10 of 2nd period - Snap shot by Radek Faksa.
4:10 of 2nd period - Goal by Radek Faksa - Punishers : 3 - Demolitions : 5.
4:11 of 2nd period - Zack Hamill wins face-off versus Daultan Leveillé in neutral zone.
4:16 of 2nd period - Slapshot by Adam Pelech.
4:16 of 2nd period - Deflect By Jonathan Blum.
4:16 of 2nd period - Stopped by Alex Stalock without a rebound.
4:17 of 2nd period - Miikka Salomaki wins face-off versus Daultan Leveillé in Demolitions zone.
4:20 of 2nd period - Wrist shot by Robbie Earl.
4:20 of 2nd period - Stopped by Alex Stalock without a rebound.
4:21 of 2nd period - Zack Hamill wins face-off versus Daultan Leveillé in Demolitions zone.
4:22 of 2nd period - Wrist shot by Robbie Earl.
4:22 of 2nd period - Stopped by Alex Stalock with a rebound.
4:24 of 2nd period - Slapshot by Slava Voynov.
4:24 of 2nd period - Stopped by Alex Stalock with a rebound.
4:34 of 2nd period - Slapshot by Miikka Salomaki.
4:34 of 2nd period - Shot Hit the Post.
4:36 of 2nd period - Slapshot by Adam Pelech.
4:36 of 2nd period - Stopped by Alex Stalock with a rebound.
5:02 of 2nd period - Wrist shot by Spencer Machacek.
5:02 of 2nd period - Stopped by Louis Domingue with a rebound.
5:24 of 2nd period - Snap shot by Miikka Salomaki.
5:24 of 2nd period - Stopped by Alex Stalock without a rebound.
5:25 of 2nd period - Andreas Athanasiou wins face-off versus Andrej Nestrasil in Demolitions zone.
5:52 of 2nd period - Austen Brassard is hit by Phil McRae and loses puck.
7:37 of 2nd period - Minor Penalty to Dylan DeMelo for Hooking.
7:38 of 2nd period - Daultan Leveillé wins face-off versus Zack Hamill in Punishers zone.
9:37 of 2nd period - Penalty to Dylan DeMelo is over, Dylan DeMelo is back on ice.
10:14 of 2nd period - Slapshot by Tyler Bertuzzi.
10:14 of 2nd period - Stopped by Alex Stalock with a rebound.
11:29 of 2nd period - Andrej Nestrasil is hit by Robbie Earl and loses puck.
12:54 of 2nd period - Zack Hamill is hit by Nikita Tryamkin and loses puck.
14:13 of 2nd period - John Quenneville is hit by Joshua Leivo and loses puck.
14:41 of 2nd period - Michael Prapavessis is hit by Jordan Schmaltz and loses puck.
15:24 of 2nd period - Slapshot by Dennis Everberg.
15:24 of 2nd period - Stopped by Louis Domingue with a rebound.
15:37 of 2nd period - Wrist shot by Dennis Everberg.
15:37 of 2nd period - Stopped by Louis Domingue with a rebound.
15:57 of 2nd period - Wrist shot by Nikita Gusev.
15:57 of 2nd period - Stopped by Alex Stalock with a rebound.
15:59 of 2nd period - Slapshot by Radek Faksa.
15:59 of 2nd period - Shot Blocked by Michael Prapavessis.
16:01 of 2nd period - Slapshot by John Quenneville.
16:01 of 2nd period - Shot Misses the Net.
16:03 of 2nd period - Slapshot by Radek Faksa.
16:03 of 2nd period - Shot Blocked by Dennis Everberg.
16:05 of 2nd period - Wrist shot by Michael Joly.
16:05 of 2nd period - Goal by Michael Joly - Punishers : 4 - Demolitions : 5.
16:06 of 2nd period - Zack Hamill wins face-off versus Daultan Leveillé in neutral zone.
16:42 of 2nd period - Wrist shot by Phil Di Giuseppe.
16:42 of 2nd period - Shot Hit the Post.
16:56 of 2nd period - Icing by Andrej Nestrasil.
16:57 of 2nd period - Andrej Nestrasil wins face-off versus Radek Faksa in Demolitions zone.
17:56 of 2nd period - Slapshot by Tyler Bertuzzi.
17:56 of 2nd period - Deflect By Austen Brassard.
17:56 of 2nd period - Shot Blocked by Robert Bortuzzo.
17:56 of 2nd period - Puck is out of play.
17:57 of 2nd period - Daultan Leveillé wins face-off versus Zack Hamill in Demolitions zone.
18:12 of 2nd period - Wrist shot by Taylor Beck.
18:12 of 2nd period - Shot Blocked by Slava Voynov.
18:31 of 2nd period - Snap shot by Garret Ross.
18:31 of 2nd period - Shot Blocked by Dennis Everberg.
18:33 of 2nd period - Snap shot by Carter Ashton.
18:33 of 2nd period - Goal by Carter Ashton - Punishers : 5 - Demolitions : 5.
18:34 of 2nd period - Daultan Leveillé wins face-off versus Zack Hamill in neutral zone.
18:41 of 2nd period - Slapshot by Spencer Machacek.
18:41 of 2nd period - Shot Misses the Net.
18:43 of 2nd period - Slapshot by Jonathan Blum.
18:43 of 2nd period - Deflect By Daultan Leveillé.
18:43 of 2nd period - Shot Blocked by Adam Pelech.
18:43 of 2nd period - Puck is out of play.
18:44 of 2nd period - Daultan Leveillé wins face-off versus Zack Hamill in Punishers zone.
19:04 of 2nd period - Slava Voynov is hit by Taylor Beck and loses puck.
19:29 of 2nd period - Snap shot by Spencer Machacek.
19:29 of 2nd period - Shot Misses the Net.
19:31 of 2nd period - Backhand shot by Taylor Beck.
19:31 of 2nd period - Stopped by Louis Domingue with a rebound.
19:33 of 2nd period - Snap shot by Taylor Beck.
19:33 of 2nd period - Stopped by Louis Domingue with a rebound.
19:35 of 2nd period - Snap shot by Taylor Beck.
19:35 of 2nd period - Shot Misses the Net.
19:37 of 2nd period - Snap shot by Daultan Leveillé.
19:37 of 2nd period - Goal by Daultan Leveillé - Punishers : 5 - Demolitions : 6.
19:38 of 2nd period - Andreas Athanasiou wins face-off versus Andrej Nestrasil in neutral zone.
19:43 of 2nd period - Icing by Robert Bortuzzo.
19:44 of 2nd period - Andrej Nestrasil wins face-off versus Andreas Athanasiou in Demolitions zone.
Goals for this period are 3 for Punishers vs 1 for Demolitions.
Shots for this period are 13 for Punishers vs 8 for Demolitions.
3rd period
0:01 of 3rd period - Daultan Leveillé wins face-off versus Zack Hamill in neutral zone.
0:15 of 3rd period - Slapshot by Taylor Beck.
0:15 of 3rd period - Shot Misses the Net.
0:25 of 3rd period - J.T. Brown is hit by Adam Pelech and loses puck.
0:52 of 3rd period - Slapshot by Jonathan Blum.
0:52 of 3rd period - Goal by Jonathan Blum - Punishers : 5 - Demolitions : 7.
0:53 of 3rd period - Daultan Leveillé wins face-off versus Zack Hamill in neutral zone.
2:23 of 3rd period - Off-side.
2:24 of 3rd period - Daultan Leveillé wins face-off versus Zack Hamill in neutral zone.
2:29 of 3rd period - Snap shot by Spencer Machacek.
2:29 of 3rd period - Shot Misses the Net.
2:31 of 3rd period - Snap shot by Taylor Beck.
2:31 of 3rd period - Stopped by Louis Domingue with a rebound.
2:35 of 3rd period - Snap shot by Spencer Machacek.
2:35 of 3rd period - Deflect By Daultan Leveillé.
2:35 of 3rd period - Stopped by Louis Domingue with a rebound.
2:37 of 3rd period - Slapshot by Robert Bortuzzo.
2:37 of 3rd period - Deflect By Daultan Leveillé.
2:37 of 3rd period - Shot Misses the Net.
2:37 of 3rd period - Puck is out of play.
2:38 of 3rd period - Daultan Leveillé wins face-off versus Zack Hamill in Punishers zone.
2:39 of 3rd period - Snap shot by Taylor Beck.
2:39 of 3rd period - Shot Blocked by Zack Hamill.
2:51 of 3rd period - Snap shot by Zack Hamill.
2:51 of 3rd period - Stopped by Alex Stalock with a rebound.
2:53 of 3rd period - Wrist shot by Zack Hamill.
2:53 of 3rd period - Shot Misses the Net.
5:31 of 3rd period - Off-side.
5:32 of 3rd period - Zack Hamill wins face-off versus Daultan Leveillé in neutral zone.
5:32 of 3rd period - Zack Hamill is hit by Spencer Machacek.
5:58 of 3rd period - Robbie Earl is hit by Kerby Rychel and loses puck.
6:25 of 3rd period - Garret Ross is hit by J.T. Brown and loses puck.
6:46 of 3rd period - Slapshot by Tyler Bertuzzi.
6:46 of 3rd period - Shot Misses the Net.
6:52 of 3rd period - Radek Faksa is hit by Phil Di Giuseppe and loses puck.
7:24 of 3rd period - Slapshot by Garret Ross.
7:24 of 3rd period - Goal by Garret Ross - Punishers : 6 - Demolitions : 7.
7:25 of 3rd period - Zack Hamill wins face-off versus Daultan Leveillé in neutral zone.
7:41 of 3rd period - Icing by Slava Voynov.
7:42 of 3rd period - Andrej Nestrasil wins face-off versus Zack Hamill in Punishers zone.
8:47 of 3rd period - Snap shot by Zack Hamill.
8:47 of 3rd period - Shot Misses the Net.
9:11 of 3rd period - Snap shot by Miikka Salomaki.
9:11 of 3rd period - Stopped by Alex Stalock without a rebound.
9:12 of 3rd period - Andreas Athanasiou wins face-off versus Andrej Nestrasil in Demolitions zone.
9:37 of 3rd period - Dennis Everberg is hit by Tyler Bertuzzi and loses puck.
10:04 of 3rd period - Max Friberg is hit by Madison Bowey and loses puck.
10:21 of 3rd period - Wrist shot by Radek Faksa.
10:21 of 3rd period - Stopped by Alex Stalock with a rebound.
10:43 of 3rd period - Snap shot by Tyler Bertuzzi.
10:43 of 3rd period - Stopped by Alex Stalock without a rebound.
10:44 of 3rd period - Andreas Athanasiou wins face-off versus Andrej Nestrasil in Demolitions zone.
11:01 of 3rd period - Andrej Nestrasil is hit by Dylan DeMelo and loses puck.
11:40 of 3rd period - Snap shot by Spencer Machacek.
11:40 of 3rd period - Shot Misses the Net.
11:53 of 3rd period - Icing by Carter Ashton.
11:54 of 3rd period - Andrej Nestrasil wins face-off versus Andreas Athanasiou in Punishers zone.
12:45 of 3rd period - Wrist shot by Zack Hamill.
12:45 of 3rd period - Stopped by Alex Stalock with a rebound.
13:05 of 3rd period - Slapshot by Adam Pelech.
13:05 of 3rd period - Shot Misses the Net.
13:07 of 3rd period - Wrist shot by Adam Pelech.
13:07 of 3rd period - Shot Blocked by Jonathan Blum.
13:09 of 3rd period - Wrist shot by Austen Brassard.
13:09 of 3rd period - Stopped by Alex Stalock without a rebound.
13:10 of 3rd period - Zack Hamill wins face-off versus Daultan Leveillé in Demolitions zone.
13:13 of 3rd period - Wrist shot by Robbie Earl.
13:13 of 3rd period - Goal by Robbie Earl - Punishers : 7 - Demolitions : 7.
13:14 of 3rd period - Daultan Leveillé wins face-off versus Zack Hamill in neutral zone.
13:18 of 3rd period - Minor Penalty to Jonathan Blum for Hooking.
13:19 of 3rd period - Spencer Machacek wins face-off versus Zack Hamill in Demolitions zone.
13:19 of 3rd period - Spencer Machacek is hit by Robbie Earl.
13:45 of 3rd period - Spencer Machacek is hit by Carter Ashton and loses puck.
14:49 of 3rd period - Nikita Tryamkin is hit by Robbie Earl and loses puck.
15:12 of 3rd period - Nikita Tryamkin is hit by Adam Pelech and loses puck.
15:18 of 3rd period - Penalty to Jonathan Blum is over, Jonathan Blum is back on ice.
15:28 of 3rd period - John Macfarland is hit by Mitch Callahan and loses puck.
15:33 of 3rd period - Slapshot by Jonathan Blum.
15:33 of 3rd period - Shot Blocked by Adam Pelech.
15:35 of 3rd period - Slapshot by Jonathan Blum.
15:35 of 3rd period - Stopped by Louis Domingue with a rebound.
15:37 of 3rd period - Slapshot by Tommy Vannelli.
15:37 of 3rd period - Deflect By Tyler Graovac.
15:37 of 3rd period - Shot Misses the Net.
15:37 of 3rd period - Puck is out of play.
15:38 of 3rd period - Phil McRae wins face-off versus Radek Faksa in Punishers zone.
15:47 of 3rd period - Snap shot by Phil McRae.
15:47 of 3rd period - Stopped by Louis Domingue without a rebound.
15:48 of 3rd period - Phil McRae wins face-off versus Radek Faksa in Punishers zone.
15:52 of 3rd period - Minor Penalty to Kerby Rychel for Hooking.
15:53 of 3rd period - Zack Hamill wins face-off versus Daultan Leveillé in Demolitions zone.
16:18 of 3rd period - Wrist shot by Garret Ross.
16:18 of 3rd period - Stopped by Alex Stalock with a rebound.
16:20 of 3rd period - Slapshot by Jordan Schmaltz.
16:20 of 3rd period - Stopped by Alex Stalock without a rebound.
16:21 of 3rd period - Spencer Machacek wins face-off versus Andreas Athanasiou in Demolitions zone.
16:44 of 3rd period - Wrist shot by Miikka Salomaki.
16:44 of 3rd period - Stopped by Alex Stalock without a rebound.
16:45 of 3rd period - Spencer Machacek wins face-off versus Zack Hamill in Demolitions zone.
16:56 of 3rd period - Slapshot by Adam Pelech.
16:56 of 3rd period - Stopped by Alex Stalock without a rebound.
16:57 of 3rd period - Zack Hamill wins face-off versus J.T. Brown in Demolitions zone.
17:06 of 3rd period - Backhand shot by Zack Hamill.
17:06 of 3rd period - Shot Misses the Net.
17:26 of 3rd period - Nikita Tryamkin is hit by Andreas Athanasiou and loses puck.
17:51 of 3rd period - Slapshot by Robert Bortuzzo.
17:51 of 3rd period - Stopped by Louis Domingue without a rebound.
17:52 of 3rd period - Penalty to Kerby Rychel is over, Kerby Rychel is back on ice.
17:52 of 3rd period - Phil McRae wins face-off versus Zack Hamill in Punishers zone.
18:03 of 3rd period - Wrist shot by Dennis Everberg.
18:03 of 3rd period - Shot Misses the Net.
18:05 of 3rd period - Slapshot by Robert Bortuzzo.
18:05 of 3rd period - Shot Blocked by Madison Bowey.
18:07 of 3rd period - Wrist shot by Kerby Rychel.
18:07 of 3rd period - Goal by Kerby Rychel - Punishers : 7 - Demolitions : 8.
18:08 of 3rd period - Radek Faksa wins face-off versus Phil McRae in neutral zone.
18:33 of 3rd period - Taylor Beck is hit by Robbie Earl and loses puck.
18:43 of 3rd period - Minor Penalty to Daultan Leveillé for Interference.
18:44 of 3rd period - Zack Hamill wins face-off versus Spencer Machacek in Demolitions zone.
18:46 of 3rd period - Punishers, Louis Domingue is pulled from the net.
19:10 of 3rd period - Jonathan Blum is hit by Miikka Salomaki.
19:26 of 3rd period - Slapshot by Jonathan Blum.
19:26 of 3rd period - Shot Misses the Net.
Goals for this period are 2 for Punishers vs 2 for Demolitions.
Shots for this period are 12 for Punishers vs 7 for Demolitions.
Back to the Top